[Event "Panevezys ELITE Open 2021"]
[Site "Panevezys, Lithuania"]
[Date "2021.08.05"]
[Round "8.1"]
[White "Salna, Aleksandras"]
[Black "Meshkovs, Nikita"]
[Result "0-1"]
[WhiteElo "2166"]
[BlackElo "2568"]
[PlyCount "54"]
[EventDate "2021.??.??"]
[TimeControl "90/40+30:0"]
[WhiteClock "0:40:29"]
[BlackClock "0:39:41"]

1. d4 Nf6 2. c4 c5 3. d5 g6 4. Nc3 Bg7 5. e4 d6 6. h3 O-O 7. Nf3 e6 8. Bd3 Na6 9. O-O Nc7 10. Bg5 h6 11. Be3 e5 12. Qd2 Kh7 13. a3 Nh5 14. Be2 f5 15.
exf5 gxf5 16. Ne1 Qe8 17. Qd1 Nf6 18. f4 e4 19. g3 b5 20.
cxb5 Bb7 21. Bc4 Nd7 22. Qb3 Qh5 23. Kh2 Bxc3 24. bxc3 Nf6 25. Bc1 Ncxd5 26. Kg2 Rg8 27. Ra2 Qh4 0-1

[Event "Panevezys ELITE Open 2021"]
[Site "Panevezys, Lithuania"]
[Date "2021.08.05"]
[Round "8.2"]
[White "Kalvaitis, Sigitas"]
[Black "Kazakouski, Valery"]
[Result "0-1"]
[WhiteElo "2164"]
[BlackElo "2499"]
[PlyCount "70"]
[EventDate "2021.??.??"]
[TimeControl "90/40+30:0"]
[WhiteClock "0:12:04"]
[BlackClock "0:19:22"]

1. e4 e5 2. Nf3 Nc6 3. Bc4 Nf6 4. d3 Be7 5. Bb3 O-O 6. O-O d6 7. c3 h6 8. Re1 Re8 9. Nbd2 Bf8 10. Nf1 Be6 11. Ng3 d5 12. h3 a6 13.
exd5 Bxd5 14. Be3 Bxb3 15. Qxb3 Na5 16. Qa4 c5 17. d4 b5 18.
Qd1 exd4 19. cxd4 c4 20. Ne5 Qd5 21. Qc2 Nc6 22. Nxc6 Qxc6 23. a3 Rad8 24. Rac1 Re6 25. Ne2 Nd5 26. Bd2 Rde8 27. Nc3 Nf4 28. d5 Rxe1+ 29. Rxe1 Rxe1+ 30. Bxe1 Nxd5 31. Qe4 Qe6 32. Qxe6 fxe6 33.
Ne4 g5 34. Bd2 Bg7 35. Bc1 Nf4 0-1

[Event "Panevezys ELITE Open 2021"]
[Site "Panevezys, Lithuania"]
[Date "2021.08.05"]
[Round "8.4"]
[White "Greicius, Pijus"]
[Black "Brazdzionis, Andrius"]
[Result "1/2-1/2"]
[WhiteElo "1902"]
[BlackElo "2321"]
[PlyCount "268"]
[EventDate "2021.??.??"]
[TimeControl "90/40+30:0"]
[WhiteClock "0:12:16"]
[BlackClock "0:36:03"]

1. d4 Nf6 2. Bf4 d5 3. e3 c5 4. c3 Nc6 5. Nd2 Qb6 6. Qb3 cxd4 7. exd4 Bf5 8.
Ngf3 e6 9. Bb5 Be7 10. Ne5 Rc8 11. Be2 Nxe5 12. Qxb6 axb6 13. Bxe5 O-O 14. Bb5 Ne8 15. O-O Nd6 16. Bxd6 Bxd6 17. Rfe1 Bf4 18. Nf3 Be4 19. Ne5 Bxe5 20. dxe5 Rc5 21. a4 Bc2 22. Ra3 Ra8 23. f3 Kf8 24. Kf2 Ke7 25.
Ke3 f6 26. Kd4 Rf8 27. Re2 fxe5+ 28. Kxe5 Bb1 29. Ra1 Bg6 30.
Rae1 Rf6 31. Rd2 h5 32. Kd4 Kd6 33. Rde2 e5+ 34. Ke3 h4 35. Kd2 e4 36. fxe4 dxe4 37. Ke3 h3 38. gxh3 Rf3+ 39. Kd4 Rd5+ 40. Kc4 Rxh3 41. Rg1 Rh6 42. Reg2 Bf7 43. Rxg7 Rd1+ 44. Rxf7 Rxg1 45. Kd4 Rd1+ 46. Kxe4 Re1+ 47. Kd4 Re7 48. Rxe7 Kxe7 49. b4 Rh4+ 50. Kd5 Rh5+ 51. Kc4 Rxh2 52. a5 bxa5 53. bxa5 Rh6 54. Kc5 Kd8 55. c4 Kc7 56. Kb4 Kb8 57. Kc5 Ka7 58. Kb4 Rh1 59. Ka4 Ra1+ 60. Kb4 Kb8 61. Bd7 Kc7 62. Bf5 Re1 63. Bg4 Kd6 64. Bc8 Rb1+ 65. Kc3 Kc5 66. a6 bxa6 67. Bxa6 Ra1 68. Bb5 Ra3+ 69. Kd2 Kd4 70. Ke2 Rb3 71. Kf2 Rc3 72.
Ke2 Rd3 73. Kf2 Re3 74. Bc6 Re5 75. Bd5 Rf5+ 76. Ke2 Rf8 77. Kd2 Rf2+ 78. Kc1 Kd3 79. Kb1 Kc3 80. Ka1 Kb3 81. c5+ Ka3 82. Kb1 Rf5 83. Be4 Rxc5 84. Bc2 Rh5 85. Bg6 Rh2 86. Kc1 Kb3 87. Bf7+ Kc3 88. Kb1 Kb4 89. Bg6 Rf2 90. Bh7 Kc3 91. Bg8 Rb2+ 92. Ka1 Rb8 93. Bf7 Ra8+ 94. Kb1 Rf8 95. Bd5 Rb8+ 96. Ka1 Rb4 97. Bf7 Kc2 98. Bg6+ Kb3 99.
Kb1 Ka3+ 100. Kc1 Ka2 101. Bf7+ Ka1 102. Be6 Rb6 103. Bd5 Rb5 104. Be6 Rc5+ 105. Kd2 Kb2 106. Kd3 Ka3 107. Bf7 Rc7 108. Be6 Kb4 109. Kd4 Rc1 110. Bf5 Rd1+ 111. Ke5 Kc5 112. Bc2 Re1+ 113. Be4 Re2 114. Kf4 Kd4 115. Bb1 Rf2+ 116. Kg5 Ke5 117. Kg6 Rb2 118. Bd3 Rb6+ 119. Kg7 Rb7+ 120. Kg6 Kf4 121. Kf6 Rb6+ 122.
Kg7 Rb3 123. Bc4 Rc3 124. Ba2 Ra3 125. Bb1 Kg5 126. Kf7 Re3 127.
Ba2 Ra3 128. Bb1 Ra6 129. Bd3 Rd6 130. Bb1 Rb6 131. Bd3 Rb7+ 132.
Ke6 Kf4 133. Bc4 Rb6+ 134. Kd5 Rb4 1/2-1/2

[Event "Panevezys ELITE Open 2021"]
[Site "Panevezys, Lithuania"]
[Date "2021.08.05"]
[Round "8.5"]
[White "Juksta, Karolis"]
[Black "Sedykh, Mikhail"]
[Result "1-0"]
[WhiteElo "2438"]
[BlackElo "2119"]
[PlyCount "129"]
[EventDate "2021.??.??"]
[TimeControl "90/40+30:0"]
[WhiteClock "0:04:56"]
[BlackClock "0:03:59"]

1. d4 d5 2. c4 e6 3. Nc3 Nf6 4. cxd5 exd5 5. Bg5 Be7 6. e3 c6 7. Bd3 Nbd7 8. Qc2 O-O 9. Nge2 Re8 10. O-O Nf8 11. f3 g6 12. Rad1 Ne6 13.
Bh4 b5 14. Bf2 Bb7 15. h3 Rc8 16. Qd2 b4 17. Na4 Qa5 18. b3 c5 19. Nxc5 Nxc5 20. dxc5 Bxc5 21. Rc1 Ba6 22. Rc2 Bxd3 23. Qxd3 Bxe3 24. Rxc8 Bxf2+ 25. Rxf2 Rxc8 26. Qd4 Rc6 27. Nf4 Qc5 28. Qxc5 Rxc5 29. Nd3 Rb5 30. Rc2 a5 31. Kf2 Rb6 32. Rc5 Ra6 33. g4 h6 34. Rb5 Ra7 35.
Ke3 d4+ 36. Kxd4 Rd7+ 37. Kc4 Ra7 38. Nc5 Ne8 39. Rb8 Kf8 40.
Kb5 Re7 41. Kxa5 Re2 42. Kxb4 Rxa2 43. Ne4 Ke7 44. Rb7+ Ke6 45.
Kc5 Rh2 46. Kc6 f5 47. Nc5+ Kf6 48. b4 Rxh3 49. b5 fxg4 50. fxg4 Rc3 51. b6 Rc4 52. Rd7 Rxg4 53. b7 Rb4 54. Rd8 Ng7 55. Nd7+ Ke7 56. Nb6 Rxb6+ 57. Kxb6 Kxd8 58. b8=Q+ Ke7 59. Qg8 Kf6 60. Qf8+ Kg5 61. Qxg7 h5 62. Kc5 Kf5 63. Kd4 g5 64. Ke3 g4 65. Qh6 1-0

[Event "Panevezys ELITE Open 2021"]
[Site "Panevezys, Lithuania"]
[Date "2021.08.05"]
[Round "8.7"]
[White "Carlsson, Ludvig"]
[Black "Bagvilas, Lukas"]
[Result "1-0"]
[WhiteElo "2258"]
[BlackElo "2000"]
[PlyCount "29"]
[EventDate "2021.??.??"]
[TimeControl "90/40+30:0"]
[WhiteClock "1:04:49"]
[BlackClock "1:15:59"]

1. e4 c6 2. Nf3 d5 3. d3 Bg4 4. h3 dxe4 5. hxg4 exf3 6. Qxf3 Nd7 7. Nc3 e5 8.
Bd2 Bc5 9. Ne4 Ne7 10. b4 f5 11. gxf5 Bb6 12. Nd6+ Kf8 13. Qh5 g6 14. fxg6 Nxg6 15. Qxg6 1-0

[Event "Panevezys ELITE Open 2021"]
[Site "Panevezys, Lithuania"]
[Date "2021.08.05"]
[Round "8.8"]
[White "Voroblievas, Arturas"]
[Black "Milovs, Daniels"]
[Result "0-1"]
[WhiteElo "1699"]
[BlackElo "1743"]
[PlyCount "116"]
[EventDate "2021.??.??"]
[TimeControl "90/40+30:0"]
[WhiteClock "0:29:58"]
[BlackClock "0:22:38"]

1. e4 e6 2. d4 d5 3. Nc3 Bb4 4. e5 c5 5. a3 Bxc3+ 6. bxc3 Ne7 7. Qg4 O-O 8.
Bg5 Qa5 9. Bd2 Qa4 10. Bd3 c4 11. Bxh7+ Kxh7 12. Qh4+ Kg8 13. Qxe7 Nc6 14. Qh4 Qxc2 15. Nf3 Bd7 16. O-O Qh7 17. Qg3 Ne7 18. Ng5 Qg6 19. Qh3 Qf5 20. Qh4 f6 21. exf6 gxf6 22. Nf3 Kf7 23. Qf4 Rg8 24. g3 Rg4 25.
Qxf5 Nxf5 26. Kg2 Nd6 27. h4 Ne4 28. Be1 Ba4 29. Rc1 Rc8 30.
Nd2 Nxc3 31. Rxc3 Rxd4 32. Nf3 Rd1 33. Bd2 d4 34. Rc1 Rxf1 35.
Kxf1 c3 36. Be1 e5 37. h5 Bb5+ 38. Kg1 Bd3 39. g4 Be2 40. Nh2 e4 41. f3 e3 42. Bxc3 Rxc3 43. Rb1 b6 44. Kg2 d3 45. Nf1 Bxf1+ 46. Kxf1 d2 47. Rd1 Rc1 48. Ke2 Rxd1 49. Kxd1 b5 50. f4 a5 51. g5 fxg5 52.
fxg5 Kg7 53. h6+ Kg6 54. Kc2 b4 55. axb4 axb4 56. Kd1 b3 57. Ke2 b2 58. Kxe3 d1=B 0-1

[Event "Panevezys ELITE Open 2021"]
[Site "Panevezys, Lithuania"]
[Date "2021.08.05"]
[Round "8.9"]
[White "Michailov, Andrej"]
[Black "Sedykh, Stakhey"]
[Result "1/2-1/2"]
[WhiteElo "1645"]
[BlackElo "1418"]
[PlyCount "140"]
[EventDate "2021.??.??"]
[TimeControl "90/40+30:0"]
[WhiteClock "0:01:06"]
[BlackClock "0:03:23"]

1. c4 e5 2. Nc3 Nc6 3. Nf3 g6 4. g3 Bg7 5. Bg2 f5 6. d3 Nf6 7. Bg5 h6 8.
Bxf6 Qxf6 9. Nd5 Qd8 10. Rb1 O-O 11. b4 Ne7 12. Nxe7+ Qxe7 13. O-O d6 14. e3 Rb8 15. b5 g5 16. Qa4 Ra8 17. Qb4 f4 18. Rfc1 g4 19. Nd2 fxe3 20.
fxe3 Qg5 21. Nf1 h5 22. c5 Qf6 23. cxd6 cxd6 24. Rc7 Kh8 25. Rbc1 Rb8 26. Qa5 a6 27. Qb6 axb5 28. Qxb5 Be6 29. a4 Bh6 30. Kh1 Qf2 31. Qb4 Bxe3 32. Nxe3 Qxe3 33. Qxd6 Bf5 34. Qe7 Qh6 35. Qxe5+ Qf6 36. d4 Qxe5 37. dxe5 Rfe8 38. Rxb7 Rxb7 39. Bxb7 Rxe5 40. Ra1 Ra5 41. Bc6 Bc2 42. Kg1 Kg7 43. Kf2 Kf6 44. Ke3 Ke5 45. Bb5 Bf5 46. Ra3 Bc2 47. Kd2 Be4 48. Kc3 Ra7 49. Kb4 h4 50. a5 hxg3 51. hxg3 Kd6 52. a6 Ra8 53. Ka5 Rc8 54. Ra4 Bf3 55. Rd4+ Ke5 56. Rd7 Ke4 57. a7 Ke3 58. Rg7 Kf2 59. Bd7 Ra8 60. Bxg4 Bxg4 61. Kb6 Kxg3 62. Kb7 Re8 63. a8=Q Rxa8 64. Kxa8 Kf4 65. Kb7 Bf3+ 66. Kb6 Ke5 67. Kc5 Ke6 68. Rg3 Bh1 69. Re3+ Kf5 70. Re5+ Kxe5 1/2-1/2

[Event "Panevezys ELITE Open 2021"]
[Site "Panevezys, Lithuania"]
[Date "2021.08.05"]
[Round "8.10"]
[White "Bazevicius, Albertas"]
[Black "Steponavicius, Stasys"]
[Result "0-1"]
[WhiteElo "1867"]
[BlackElo "2209"]
[PlyCount "70"]
[EventDate "2021.??.??"]
[TimeControl "90/40+30:0"]
[WhiteClock "1:01:28"]
[BlackClock "1:00:46"]

1. Nf3 Nf6 2. b3 b6 3. g3 Bb7 4. Bg2 g6 5. Bb2 Bg7 6. c4 O-O 7. d4 e6 8.
Nbd2 c5 9. O-O cxd4 10. Bxd4 Nc6 11. Bb2 d5 12. cxd5 Nxd5 13.
Bxg7 Kxg7 14. Rc1 Ncb4 15. e4 Nf6 16. Rc4 Qe7 17. a3 Na6 18.
b4 e5 19. Qe2 Nc7 20. Rfc1 Ba6 21. Rxc7 Qxc7 22. Rxc7 Bxe2 23.
Nxe5 Ng4 24. Nxg4 Bxg4 25. h3 Be6 26. e5 Rad8 27. Ne4 Rd7 28.
Rc1 Rd3 29. Nd6 Rxa3 30. b5 a6 31. bxa6 Rxa6 32. Rb1 Rb8 33. Bb7 Ra7 34. Rxb6 Bd5 35. Ra6 Rbxb7 0-1